 Dungeon Crawl Stone Soup version 0.25-a0-98-g0cf78c2f83 (webtiles) character file.

Game seed: 14187026085393170119, levelgen mode: deterministic

251 MrRokkomies the Vexing (level 6, -3/56 HPs)
             Began as a Gnoll Arcane Marksman on Nov 13, 2019.
             Killed by nerve-wracking pain
             ... invoked by Grinder
              (11 damage)
             ... on level 3 of the Dungeon.
             The game lasted 00:05:54 (3159 turns).

MrRokkomies the Vexing (Gnoll Arcane Marksman)      Turns: 3159, Time: 00:05:55

Health: -3/56      AC:  4    Str: 12    XL:     6   Next: 13%
Magic:  11/11      EV: 23    Int: 18    God:
Gold:   51         SH:  0    Dex: 22    Spells: 1/11 levels left

rFire    . . .     SeeInvis .   a - +0 shortbow
rCold    . . .     Gourm    .   (shield currently unavailable)
rNeg     . . .     Faith    .   e - +0 robe
rPois    .         Spirit   .   j - +0 helmet
rElec    .         Reflect  .   (no cloak)
rCorr    .         Harm     .   k - +0 pair of gloves
MR       .....                  (no boots)
Stlth    +++.......             (no amulet)
HPRegen  0.18/turn              (no ring)
MPRegen  0.12/turn              (no ring)

@: agile
A: distributed training, fangs 1, repulsion field 1, agile 1, robust 2, strong
nose
a: no special abilities


You were on level 3 of the Dungeon.
You were hungry.

You visited 1 branch of the dungeon, and saw 3 of its levels.

You collected 51 gold pieces.

Inventory:

Hand Weapons
 a - a +0 shortbow (weapon)
 b - a +4 short sword
Missiles
 d - 41 arrows (quivered)
Armour
 e - a +0 robe (worn)
 j - a +0 helmet (worn)
 k - a +0 pair of gloves (worn)
Scrolls
 m - a scroll of fog {unknown}
 n - a scroll of blinking {unknown}
Potions
 g - a potion of haste
 l - a potion of invisibility
Comestibles
 f - 6 rations
 h - 9 chunks of flesh


   Skills:
 + Level 3.1 Fighting
 + Level 1.8 Short Blades
 + Level 1.8 Long Blades
 + Level 1.8 Axes
 + Level 1.8 Maces & Flails
 + Level 1.8 Polearms
 + Level 1.8 Staves
 + Level 1.8 Slings
 + Level 4.9 Bows
 + Level 1.8 Crossbows
 + Level 1.8 Throwing
 + Level 1.8 Armour
 + Level 4.9 Dodging
 + Level 1.8 Stealth
 + Level 1.8 Shields
 + Level 1.8 Unarmed Combat
 + Level 3.3 Spellcasting
 + Level 1.4 Conjurations
 + Level 5.6 Hexes
 + Level 1.4 Charms
 + Level 1.4 Summonings
 + Level 1.4 Necromancy
 + Level 1.4 Translocations
 + Level 1.4 Transmutations
 + Level 1.4 Fire Magic
 + Level 1.4 Ice Magic
 + Level 1.4 Air Magic
 + Level 1.4 Earth Magic
 + Level 1.4 Poison Magic
 + Level 2.0 Invocations
 + Level 1.8 Evocations


You had one spell level left.
You knew the following spells:

 Your Spells              Type           Power        Failure   Level  Hunger
a - Corona                Hex            ###....      1%          1    None
b - Inner Flame           Hex/Fire       ###.....     11%         3    ###....
c - Cause Fear            Hex            ###.......   16%         4    ####...
d - Slow                  Hex            ###.....     2%          2    ##.....

Your spell library contained the following spells:

 Spells                   Type           Power        Failure   Level  Hunger
 Portal Projectile        Hex/Tloc       ###...       11%         3    ###....
 Leda's Liquefaction      Hex/Erth       ###.......   36%         4    ####...


Dungeon Overview and Level Annotations

Branches:
Dungeon (3/15)

Altars:
Elyvilon
Vehumet

Annotations:
D:3 Grinder


Innate Abilities, Weirdness & Mutations

Your experience applies equally to all skills.
You have very sharp teeth.
Your uncanny sense of smell can sniff out nearby items.
You are surrounded by a mild repulsion field. (EV +2)
You are agile. (Dex +2)
You are very robust. (+20% HP)


Message History

Grinder is severely wounded.
Grinder closely misses you.
You hit Grinder.
Grinder is severely wounded.
Grinder blinks!
a - a +0 shortbow (weapon)
Firing (i - inventory)
d - 43 arrows (quivered)
Press: ? - help, Shift-Dir - straight line, f/p - Grinder
Aim: Grinder (severely wounded)
You shoot an arrow. The arrow hits Grinder!
Grinder is almost dead.
Firing (i - inventory)
d - 42 arrows (quivered)
Press: ? - help, Shift-Dir - straight line, f/p - Grinder
Aim: Grinder (almost dead)
You shoot an arrow.
The arrow hits Grinder but does no damage.
Grinder is almost dead.
Grinder gestures at you. Pain shoots through your body!
You die...

#.#.# #..## #.. # # #.
#.## . # #)# . # #(#
....###### #. #(#
......... #..#.##
#.#####. #.(..#
#.....#. #(.#.#########
####....
#.##.(@(5(..(###.......
#. ####..((...÷..#####.
#. #>.....(...# ## #
#..........#
############ ∆


You could see Grinder.

Vanquished Creatures
  A gnoll shaman (D:2)
  4 adders
  11 gnolls
  A worm (D:2)
  A dart slug (D:1)
  A leopard gecko (D:2)
  7 orcs
  2 giant cockroaches (D:3)
  4 goblins
  4 hobgoblins
  6 jackals
  11 kobolds
  3 ball pythons
  7 bats
  3 frilled lizards
  8 rats
74 creatures vanquished.

Notes
Turn   | Place    | Note
-------+----------+-------------------------------------------
     0 | D:1      | MrRokkomies the Gnoll Arcane Marksman began the quest for
                  | the Orb.
     0 | D:1      | Reached XP level 1. HP: 17/17 MP: 4/4
   144 | D:1      | Reached XP level 2. HP: 23/23 MP: 5/5
   894 | D:2      | Reached XP level 3. HP: 28/28 MP: 7/7
  1022 | D:2      | Reached skill level 1 in Invocations
  1034 | D:2      | Reached skill level 1 in Short Blades
  1034 | D:2      | Reached skill level 1 in Long Blades
  1034 | D:2      | Reached skill level 1 in Axes
  1034 | D:2      | Reached skill level 1 in Maces & Flails
  1034 | D:2      | Reached skill level 1 in Polearms
  1034 | D:2      | Reached skill level 1 in Staves
  1034 | D:2      | Reached skill level 1 in Slings
  1034 | D:2      | Reached skill level 1 in Crossbows
  1034 | D:2      | Reached skill level 1 in Throwing
  1034 | D:2      | Reached skill level 1 in Armour
  1034 | D:2      | Reached skill level 1 in Stealth
  1034 | D:2      | Reached skill level 1 in Shields
  1034 | D:2      | Reached skill level 1 in Unarmed Combat
  1034 | D:2      | Reached skill level 1 in Evocations
  1034 | D:2      | Reached XP level 4. HP: 14/34 MP: 8/8
  1474 | D:2      | Reached skill level 1 in Conjurations
  1474 | D:2      | Reached skill level 1 in Charms
  1474 | D:2      | Reached skill level 1 in Summonings
  1474 | D:2      | Reached skill level 1 in Necromancy
  1474 | D:2      | Reached skill level 1 in Translocations
  1474 | D:2      | Reached skill level 1 in Transmutations
  1474 | D:2      | Reached skill level 1 in Fire Magic
  1474 | D:2      | Reached skill level 1 in Ice Magic
  1474 | D:2      | Reached skill level 1 in Air Magic
  1474 | D:2      | Reached skill level 1 in Earth Magic
  1474 | D:2      | Reached skill level 1 in Poison Magic
  1498 | D:2      | Reached XP level 5. HP: 19/40 MP: 9/9
  1505 | D:2      | Learned a level 3 spell: Inner Flame
  1510 | D:2      | Learned a level 4 spell: Cause Fear
  1513 | D:2      | Learned a level 2 spell: Slow
  2087 | D:3      | Noticed Grinder
  2154 | D:3      | Paralysed by Grinder for 3 turns
  2599 | D:2      | Gained mutation: You are agile. (Dex +2) [potion of
                  | mutation]
  2599 | D:2      | Gained mutation: You are robust. (+10% HP) [potion of
                  | mutation]
  2599 | D:2      | Gained mutation: You are surrounded by a mild repulsion
                  | field. (EV +2) [potion of mutation]
  2599 | D:2      | Gained mutation: You are very robust. (+20% HP) [potion of
                  | mutation]
  2837 | D:3      | Found a white marble altar of Elyvilon.
  2897 | D:3      | Reached XP level 6. HP: 50/56 MP: 10/10
  3015 | D:3      | Found a radiant altar of Vehumet.
  3139 | D:3      | Paralysed by Grinder for 2 turns
  3149 | D:3      | Paralysed by Grinder for 4 turns
  3159 | D:3      | Killed from afar by Grinder

Levels and vault maps discovered:
D:1:      tarquinn_simple_flora_water_f, layout_loops_ring
D:2:      layout_loops_ring
D:3:      layout_rooms, elyvilon_altar_5, lemuel_round_altar, first_ration,
          uniq_grinder

Skill      XL: |  1  2  3  4  5  6 |
---------------+-------------------+-----
Invocations    | 1 2 |  2.0
Short Blades   | 1 |  1.8
Long Blades    | 1 |  1.8
Axes           | 1 |  1.8
Maces & Flails | 1 |  1.8
Polearms       | 1 |  1.8
Staves         | 1 |  1.8
Slings         | 1 |  1.8
Crossbows      | 1 |  1.8
Throwing       | 1 |  1.8
Armour         | 1 |  1.8
Stealth        | 1 |  1.8
Shields        | 1 |  1.8
Unarmed Combat | 1 |  1.8
Evocations     | 1 |  1.8
Spellcasting   | 3 |  3.3
Conjurations   | 1 |  1.4
Charms         | 1 |  1.4
Summonings     | 1 |  1.4
Necromancy     | 1 |  1.4
Translocations | 1 |  1.4
Transmutations | 1 |  1.4
Fire Magic     | 1 |  1.4
Ice Magic      | 1 |  1.4
Air Magic      | 1 |  1.4
Earth Magic    | 1 |  1.4
Poison Magic   | 1 |  1.4
Fighting       | 3 |  3.1
Bows           | |  4.9
Dodging        | |  4.9
Hexes          | |  5.6

Action                   |  1- 3 |  4- 6 || total
-------------------------+-------+-------++-------
Melee: Short sword       |    24 |    78 ||   102
       Bite              |       |    10 ||    10
       Punch             |       |     1 ||     1
 Fire: Shortbow          |    68 |   105 ||   173
  Use: Scroll            |     3 |     1 ||     4
       Potion            |       |     4 ||     4
 Stab: Sleeping          |     1 |       ||     1
       Distracted        |       |     1 ||     1
       Invisible         |       |     1 ||     1
  Eat: Chunk             |       |     3 ||     3
       Ration            |       |     1 ||     1
Armor: Robe              |    20 |    26 ||    46
Dodge: Dodged            |    63 |   149 ||   212

Table legend:
 A = Non-vault XP
 B = Vault XP
 C = Vault XP percentage of total XP
 D = Non-vault monster count
 E = Vault monster count
 F = Vault count percentage of total count
                 A         B        C        D         E       F
            +---------+---------+-------+---------+---------+-------
      Total |     359 |       0 |   0.0 |      74 |       0 |   0.0
            +---------+---------+-------+---------+---------+-------
        D:1 |      30 |       0 |   0.0 |      17 |       0 |   0.0
        D:2 |     252 |       0 |   0.0 |      34 |       0 |   0.0
        D:3 |      77 |       0 |   0.0 |      23 |       0 |   0.0
            +---------+---------+-------+---------+---------+-------
